 Dungeon Crawl Stone Soup version 0.29.0-15-g675c0067aa (webtiles) character file.

Game seed: 9323760311963070969

1801 qw the Cleaver (level 9, -1/56 HPs)
             Began as a Gargoyle Fighter on Sept 11, 2022.
             Killed from afar by Dowan (8 damage)
             ... with a shard of ice
             ... on level 7 of the Dungeon.
             The game lasted 00:02:35 (7148 turns).

qw the Cleaver (Gargoyle Fighter)                   Turns: 7148, Time: 00:02:36

Health: -1/56      AC: 19    Str: 23    XL:     9   Next: 9%
Magic:  9/9        EV:  7    Int: 10    God:
Gold:   378        SH:  4    Dex:  9    Spells: 8/8 levels left

rFire   . . .      SeeInvis .   Y - +1 war axe
rCold   . . .      Faith    .   c - +0 buckler
rNeg    + + .      Spirit   .   n - +0 chain mail
rPois   inf        Reflect  .   m - +0 helmet
rElec   +          Harm     .   j - +0 cloak
rCorr   .          Rampage  .   (no gloves)
Will    .....                   i - +0 pair of boots
Stlth   ..........              (no amulet)
HPRegen 0.18/turn               o - ring of positive energy
MPRegen 0.11/turn               (no ring)

@: no status effects
A: sickness immunity, AC +6, negative energy resistance 1, electricity
resistance, torment resistance 1, petrification resistance
a: no special abilities


You were on level 7 of the Dungeon.
You visited 2 branches of the dungeon, and saw 8 of its levels.

You collected 378 gold pieces.


Innate Abilities, Weirdness & Mutations

You are immune to sickness and miasma.
Your stone body is resilient. (AC +6)
You are immune to poison.
You resist negative energy. (rN+)
You are resistant to electric shocks. (rElec)
You are resistant to unholy torment.
You are immune to petrification.


   Skills:
 - Level 6.4 Fighting
 + Level 8.8 Axes
 - Level 2.5 Throwing
 - Level 4.0 Armour
 - Level 1.1 Dodging
 - Level 3.2 Shields


You had 8 spell levels left.
You didn't know any spells.
Your spell library was empty.

Inventory:

Hand Weapons
 h - a +0 flail
 Y - a +1 war axe (weapon)
Missiles
 b - 5 silver boomerangs (quivered)
 e - 3 boomerangs
Armour
 c - a +0 buckler (worn)
 i - a +0 pair of boots (worn)
 j - a +0 cloak (worn)
 m - a +0 helmet (worn)
 n - a +0 chain mail (worn)
Jewellery
 o - a ring of positive energy (left hand)
Scrolls
 l - 2 scrolls of identify
 t - 2 scrolls of fog
Potions
 a - 3 potions of haste
 d - a potion of might
 f - a potion of cancellation
 k - a potion of lignification
 q - a potion of degeneration {unknown}
 r - a potion of attraction {unknown}
 s - a potion of resistance

Dungeon Overview and Level Annotations

Branches:
Dungeon (7/15)             Temple (1/1) D:4

Altars:
Ashenzari
Cheibriados
Dithmenos
Fedhas
Gozag
Kikubaaqudgha
Nemelex Xobeh
Okawaru
Qazlal
Ru
Sif Muna
Vehumet
Yredelemnul

Annotations:
D:7 Dowan


Message History

Dowan casts a spell at you. The shard of ice misses you.
The shard of ice hits Joseph!
You block Joseph's attack.
You barely miss Joseph.
Joseph is almost dead.
Joseph hits you but does no damage.
You slash Joseph!
You kill Joseph!
Dowan casts a spell at you. The shard of ice hits you.
You have reached level 9!
Your experience leads to an increase in your attributes!
Increase (S)trength, (I)ntelligence, or (D)exterity?
You feel stronger. x2
You closely miss Dowan.
Dowan is severely wounded.
You block Dowan's attack.
You miss Dowan.
Dowan is severely wounded.
Dowan hits you but does no damage. x2
You barely miss Dowan.
Dowan is severely wounded.
Dowan barely misses you. Dowan completely misses you.
You closely miss Dowan.
Dowan is severely wounded.
Dowan hits you but does no damage.
You barely miss Dowan.
Dowan is severely wounded.
Dowan hits you but does no damage. x2
You hit Dowan but do no damage.
Dowan is severely wounded.
Dowan hits you but does no damage. x2
You closely miss Dowan.
Dowan is severely wounded.
Dowan hits you but does no damage.
You barely miss Dowan.
Dowan is severely wounded.
Dowan casts a spell at you. The shard of ice hits you!
You die...

_......!.##..#
.#.......##..###
................
##..##.#........
.#..............#
..#.....#.......#
#.....e.........
.....#.#)#..#.##
.....#.#@#.##..#
........e#.# #
...........###.#
#..............#
###.#...##..)#.#
#.....# .#....
..##...# .#.... #
##... # ... ....


You could see Dowan (fast).

Vanquished Creatures
  Joseph (D:7)
  A wyvern (D:6)
  Menkaure (D:5)
  Duvessa (D:7)
  A centaur (D:6)
  2 phantoms (D:6)
  A bullfrog (D:6)
  3 scorpions
  A howler monkey (D:4)
  A gnoll bouda (D:6)
  2 orc priests (D:6)
  3 iguanas
  6 orc wizards
  7 adders
  12 gnolls
  A white imp (D:5)
  A worm (D:4)
  5 dart slugs
  22 orcs
  4 bats
  3 endoplasms
  14 giant cockroaches
  5 goblins
  4 hobgoblins
  3 jackals
  10 kobolds
  3 quokkas
  6 ball pythons
  4 frilled lizards
  6 rats
134 creatures vanquished.

Notes
Turn   | Place    | Note
-------+----------+-------------------------------------------
     0 | D:1      | qw the Gargoyle Fighter began the quest for the Orb.
     0 | D:1      | Reached XP level 1. HP: 14/14 MP: 1/1
     0 | D:1      | 0 ||| qw: Version: 0.1-a-119-g272c26d
     0 | D:1      | 0 ||| qw: Game counter: 10628
     0 | D:1      | 0 ||| qw: Always use a shield: true
     0 | D:1      | 0 ||| qw: God list: Okawaru
     0 | D:1      | 0 ||| qw: Allow faded altars: false
     0 | D:1      | 0 ||| qw: Do Orc after D:15 true
     0 | D:1      | 0 ||| qw: Do second Lair branch before Depths: true
     0 | D:1      | 0 ||| qw: Lair rune preference: random
     0 | D:1      | 0 ||| qw: Plans: Normal, Zot, God:TSO, Crypt, Tomb, Zig,
                  | Orb
     0 | D:1      | 0 ||| PLANNING D:1-11
    38 | D:1      | Reached skill level 2 in Axes
   119 | D:1      | Reached XP level 2. HP: 19/19 MP: 2/2
   262 | D:1      | 262 ||| Stepping ~*~*~tactically~*~*~ (hiding).
   737 | D:1      | Reached skill level 3 in Axes
   940 | D:1      | 940 ||| UPGRADING to +0 cloak.
   945 | D:1      | 945 ||| UPGRADING to +0 helmet.
   950 | D:1      | 950 ||| UPGRADING to ring of positive energy.
   951 | D:1      | 951 ||| READING scroll labelled DYQINU URUU.
   952 | D:1      | 952 ||| READING 2 scrolls labelled HUGUINK NEUSODGH.
   957 | D:1      | 957 ||| READING scroll labelled NADGHA ZOBRIOC.
   958 | D:1      | 958 ||| READING 2 scrolls labelled SALUCU KO EVIF.
   959 | D:1      | 959 ||| READING scroll labelled EHUALLAKEL.
   960 | D:1      | 960 ||| DRINKING 2 sedimented grey potions.
   961 | D:1      | 961 ||| DROPPING potion of brilliance.
   989 | D:2      | Found a faded altar of an unknown god.
   995 | D:2      | Reached XP level 3. HP: 23/23 MP: 3/3
  1170 | D:2      | 1170 ||| Stepping ~*~*~tactically~*~*~ (stealth).
  1201 | D:2      | 1201 ||| Stepping ~*~*~tactically~*~*~ (hiding).
  1210 | D:2      | Reached XP level 4. HP: 20/28 MP: 4/4
  1341 | D:2      | Reached skill level 4 in Axes
  1346 | D:2      | HP: 4/28 [gnoll/+0 flail (10)]
  1347 | D:2      | 1347 ||| READING 2 scrolls of teleportation.
  1704 | D:2      | 1704 ||| DROPPING +0 whip.
  1971 | D:2      | 1971 ||| UPGRADING to +0 pair of boots.
  1976 | D:2      | 1976 ||| READING 2 scrolls labelled QONECH ENANK.
  2077 | D:2      | 2077 ||| READING 3 scrolls of identify.
  2077 | D:2      | 2077 ||| IDENTIFYING red potion
  2078 | D:2      | 2078 ||| READING 2 scrolls of identify.
  2078 | D:2      | 2078 ||| IDENTIFYING silvery potion
  2079 | D:2      | 2079 ||| DROPPING scroll of silence.
  2080 | D:2      | 2080 ||| DROPPING potion of flight.
  2212 | D:3      | Reached XP level 5. HP: 32/32 MP: 5/5
  2268 | D:3      | 2268 ||| Stepping ~*~*~tactically~*~*~ (stealth).
  2271 | D:3      | 2271 ||| Stepping ~*~*~tactically~*~*~ (stealth).
  2533 | D:3      | Reached skill level 5 in Axes
  2871 | D:3      | 2871 ||| Stepping ~*~*~tactically~*~*~ (stealth).
  2879 | D:3      | 2879 ||| Stepping ~*~*~tactically~*~*~ (stealth).
  3000 | D:3      | 3000 ||| READING 2 scrolls labelled ISUXKI ISIOKUR.
  3001 | D:3      | 3001 ||| READING scroll labelled NAUFIB VOLAHUQ.
  3002 | D:3      | 3002 ||| READING 2 scrolls of identify.
  3002 | D:3      | 3002 ||| IDENTIFYING cyan potion
  3003 | D:3      | 3003 ||| DROPPING scroll of magic mapping.
  3097 | D:4      | 3097 ||| Stepping ~*~*~tactically~*~*~ (hiding).
  3115 | D:4      | HP: 7/33 [gnoll/+0 spear (3)]
  3116 | D:4      | 3116 ||| READING 2 scrolls of teleportation.
  3118 | D:4      | HP: 3/33 [gnoll/+0 halberd (1)]
  3120 | D:4      | Found a staircase to the Ecumenical Temple.
  3121 | D:4      | 3121 ||| PLANNING TEMPLE
  3222 | D:4      | 3222 ||| Invisible monster not found???
  3374 | Temple   | Entered the Ecumenical Temple
  3546 | Temple   | 3546 ||| PLANNING D:1-11
  3584 | D:4      | 3584 ||| Stepping ~*~*~tactically~*~*~ (hiding).
  3616 | D:4      | 3616 ||| Stepping ~*~*~tactically~*~*~ (stealth).
  3619 | D:4      | 3619 ||| Stepping ~*~*~tactically~*~*~ (stealth).
  3629 | D:4      | Reached XP level 6. HP: 34/38 MP: 6/6
  3645 | D:4      | 3645 ||| Stepping ~*~*~tactically~*~*~ (stealth).
  3679 | D:4      | 3679 ||| Stepping ~*~*~tactically~*~*~ (stealth).
  3680 | D:4      | 3680 ||| Stepping ~*~*~tactically~*~*~ (stealth).
  3689 | D:4      | Reached skill level 1 in Dodging
  3724 | D:4      | 3724 ||| Stepping ~*~*~tactically~*~*~ (hiding).
  3736 | D:4      | 3736 ||| DRINKING potion of curing.
  3736 | D:4      | 3736 ||| (to cure confusion)
  3782 | D:4      | You fall into a shaft and drop 1 floor!
  3782 | D:5      | Entered Level 5 of the Dungeon
  3939 | D:5      | 3939 ||| UPGRADING to +0 chain mail.
  3949 | D:5      | 3949 ||| DROPPING +0 scale mail.
  3950 | D:5      | 3950 ||| READING 2 scrolls of identify.
  3950 | D:5      | 3950 ||| IDENTIFYING lumpy puce potion
  3992 | D:4      | 3992 ||| Stepping ~*~*~tactically~*~*~ (stealth).
  4007 | D:4      | 4007 ||| FLEEEEING.
  4008 | D:4      | 4008 ||| STAIRDANCE
  4247 | D:4      | 4247 ||| Stepping ~*~*~tactically~*~*~ (stealth).
  4366 | D:4      | Found a radiant altar of Vehumet.
  4491 | D:4      | Found a sparkling altar of Nemelex Xobeh.
  4592 | D:4      | 4592 ||| Stepping ~*~*~tactically~*~*~ (stealth).
  4595 | D:4      | 4595 ||| Stepping ~*~*~tactically~*~*~ (hiding).
  4912 | D:5      | Reached skill level 6 in Axes
  4912 | D:5      | Reached XP level 7. HP: 43/43 MP: 7/7
  5243 | D:5      | Noticed Menkaure
  5250 | D:5      | Killed Menkaure
  5251 | D:5      | Reached skill level 7 in Axes
  5479 | D:5      | 5479 ||| READING 2 scrolls labelled ZAASCH FARO QEL.
  5480 | D:5      | 5480 ||| READING scroll labelled SOLUENW HEUSO.
  5481 | D:5      | 5481 ||| READING 2 scrolls of identify.
  5481 | D:5      | 5481 ||| IDENTIFYING blue potion
  5735 | D:6      | 5735 ||| STAIRDANCE
  5777 | D:6      | 5777 ||| STAIRDANCE
  5946 | D:6      | 5946 ||| STAIRDANCE
  6008 | D:6      | 6008 ||| DRINKING 2 potions of curing.
  6008 | D:6      | 6008 ||| (to cure confusion)
  6229 | D:6      | Reached XP level 8. HP: 50/50 MP: 8/8
  6244 | D:6      | Noticed a wyvern
  6256 | D:6      | Killed a wyvern
  6260 | D:6      | HP: 9/50 [gnoll bouda/+0 whip (4)]
  6261 | D:6      | 6261 ||| READING 2 scrolls of teleportation.
  6262 | D:6      | 6262 ||| DRINKING potion of heal wounds.
  6482 | D:6      | 6482 ||| DRINKING potion of curing.
  6482 | D:6      | 6482 ||| (to cure confusion)
  6593 | D:6      | 6593 ||| Stepping ~*~*~tactically~*~*~ (stealth).
  6594 | D:6      | 6594 ||| Stepping ~*~*~tactically~*~*~ (stealth).
  6759 | D:6      | Reached skill level 8 in Axes
  7094 | D:7      | Noticed Duvessa
  7095 | D:7      | Noticed Dowan
  7096 | D:7      | 7096 ||| Stepping ~*~*~tactically~*~*~ (hiding).
  7097 | D:7      | 7097 ||| Stepping ~*~*~tactically~*~*~ (hiding).
  7099 | D:7      | Noticed Joseph
  7110 | D:7      | Killed Duvessa
  7111 | D:7      | Reached skill level 6 in Fighting
  7112 | D:7      | Found an iron altar of Okawaru.
  7126 | D:7      | HP: 13/52 [Joseph/+0 vorpal quarterstaff (1)]
  7127 | D:7      | 7127 ||| READING scroll of teleportation.
  7130 | D:7      | Found a basalt altar of Yredelemnul.
  7131 | D:7      | 7131 ||| Stepping ~*~*~tactically~*~*~ (hiding).
  7140 | D:7      | Killed Joseph
  7140 | D:7      | HP: 5/52 [Dowan/shard of ice (6)]
  7141 | D:7      | Reached XP level 9. HP: 5/56 MP: 9/9
  7148 | D:7      | Killed from afar by Dowan

Levels and vault maps discovered:
D:1:      grunt_arrival_crossed_arrows, layout_basic, lemuel_old_faithful
D:2:      layout_basic, hellmonk_ecumenical_altar_lost_god
D:3:      minmay_roachtagon, layout_loops_corners
D:4:      layout_basic, overflow_temple_1_default, lemuel_tele_altar,
          minmay_temple_entry_antechambers, kennysheep_generic_room_7
D:5:      lemuel_ice_spiral_2, layout_basic, uniq_menkaure
D:6:      layout_rooms, chequers_avenue, chequers_jeans
D:7:      layout_rooms, mainiacjoe_overflow_boulevard,
          okawaru_metal_pillars_1_2, uniq_duvessa, uniq_joseph
Temple:   chequers_temple_sunken

Skill      XL: |  1  2  3  4  5  6  7  8 |
---------------+-------------------------+-----
Axes           | 2 3 4 5 6 7 8 |  8.8
Fighting       | 4 5 6 |  6.4
Dodging        | 1 |  1.1
Armour         | 4 |  4.0
Throwing       | 2 |  2.5
Shields        | |  3.2

Action                   |  1- 3 |  4- 6 |  7- 9 || total
-------------------------+-------+-------+-------++-------
Melee: War axe           |    94 |   247 |   186 ||   527
Throw: Boomerang         |       |    60 |    11 ||    71
  Use: Scroll            |     5 |     9 |     5 ||    19
       Potion            |     1 |     1 |     3 ||     5
Armor: Scale mail        |    55 |   113 |       ||   168
       Chain mail        |       |    31 |   133 ||   164
Dodge: Dodged            |    31 |   115 |    55 ||   201
Block: Buckler           |    20 |    44 |    36 ||   100

Table legend:
 A = Non-vault XP
 B = Vault XP
 C = Vault XP percentage of total XP
 D = Non-vault monster count
 E = Vault monster count
 F = Vault count percentage of total count
                 A         B        C        D         E       F
            +---------+---------+-------+---------+---------+-------
      Total |    1837 |     737 |  28.6 |     122 |      12 |   9.0
            +---------+---------+-------+---------+---------+-------
        D:1 |      32 |       0 |   0.0 |      19 |       0 |   0.0
        D:2 |     108 |       0 |   0.0 |      20 |       0 |   0.0
        D:3 |     103 |      16 |  13.4 |      23 |       8 |  25.8
        D:4 |     307 |       2 |   0.6 |      35 |       1 |   2.8
        D:5 |     267 |     172 |  39.2 |       8 |       1 |  11.1
        D:6 |    1020 |       0 |   0.0 |      17 |       0 |   0.0
        D:7 |       0 |     547 | 100.0 |       0 |       2 | 100.0
            +---------+---------+-------+---------+---------+-------
